cohdb
Replays
Latest Replays
All Replays
Popular Replays
Top Player Replays
Match Explorer
How It Works
Community
CoH3 Stats
Reddit
Sign in to upload your games and track your stats! →
Sign in with Steam
Match 41113202
Unlisted
Match 41113202
Overview
Messages
Build Orders
End
Vickers Machine Gun Team
Selects Australian Defense Battlegroup
Selects Australian Light Infantry Section
Australian Light Infantry Section
Construct Section Command Post
ML 3-inch Mortar Team
Infantry Section
Grenade Package
Selects 2-pounder Anti-tank Gun Team
2-pounder Anti-tank Gun Team
Infantry Section
AI Takeover
Wyl
BayouBoys spec ops command.
Raedwulf
Rhodesia Never Dies
e s 0
luc
DankEagle
Aprosarmosto
0
0
Comments
sign in to comment!
No comments posted yet!